 Dungeon Crawl Stone Soup version 0.19-a0-1057-g15bb84d (webtiles) character file.

96494 mistymad the Geomancer (level 15, -12/114 HPs)
             Began as a Troll Monk on Aug 2, 2016.
             Mangled by a spark wasp (15 damage)
             ... on level 15 of the Dungeon.
             The game lasted 01:27:39 (27281 turns).

mistymad the Geomancer (Troll Monk)                Turns: 27281, Time: 01:27:39

Health: -12/114    AC: 10    Str: 26 (27) XL:     15   Next: 69%
Magic:  25/25      EV: 12    Int: 11      God:
Gold:   1718       SH:  0    Dex: 13 (14) Spells: 3 memorised, 17 levels left

rFire  . . .     SeeInvis +       - Unarmed
rCold  . . .     Gourm    +     C - +0 troll leather armour
rNeg   . . .     Faith    .     O - +7 large shield of Limited Liability {Regen+ Str+4}
rPois  .         Spirit   .     (helmet restricted)
rElec  .         Dismiss  .     D - +0 cloak
rCorr  +         Reflect  +     (gloves unavailable)
SustAt .         Harm     .     (boots unavailable)
MR     +....     Clarity  +     l - +3 amulet of reflection
Stlth  +.........               M - ring of see invisible
                                d - ring of resist corrosion

@: confused, about to teleport, very slightly contaminated, somewhat resistant
to hostile enchantments, very unstealthy
A: unfitting armour, claws 3, horns 2, talons 1, icy blue scales 1, agile 1,
blink, clarity, deterioration 1, fast metabolism 3, frail 2, gourmand,
regeneration 2, shaggy fur 1, tough skin 2
a: Blink


You were on level 15 of the Dungeon.
You were completely stuffed.

You visited 6 branches of the dungeon, and saw 26 of its levels.
You also visited: Sewer.

You collected 2429 gold pieces.
You spent 711 gold pieces at shops.

Inventory:

Missiles
 i - 19 large rocks (quivered)
Armour
 C - a +0 troll leather armour (worn)
 D - a +0 cloak (worn)
 G - a +0 fire dragon armour
 O - the +7 large shield of Limited Liability (worn) {Regen+ Str+4}
   (You acquired it on level 4 of the Lair of Beasts)

   It affects your strength (+4).
   It increases your rate of regeneration.
 Y - the +0 cloak "Omnacezu" {rElec MR- MP+9 SInv}
   (You acquired it on level 6 of the Lair of Beasts)

   It insulates you from electricity.
   It affects your resistance to hostile enchantments.
   It affects your magic capacity (+9).
   It lets you see invisible.
Magical Staves
 N - an uncursed staff of earth
Jewellery
 d - a ring of resist corrosion (left claw)
 l - a +3 amulet of reflection (around neck)
 M - a ring of see invisible (right claw)
 X - an uncursed ring of fire
Wands
 k - a wand of paralysis (9/24)
 n - a wand of iceblast (7/15)
 y - a wand of disintegration (7/24)
 Z - a wand of lightning (5/15)
Scrolls
 c - 2 scrolls of recharging
 e - 2 scrolls of fog
 j - a scroll of teleportation
 z - 2 scrolls of summoning
 A - 4 scrolls of amnesia
 E - 2 scrolls of remove curse
 F - 2 scrolls of blinking
 L - 4 scrolls of identify
 P - a scroll of enchant armour
 T - a scroll of fear
 U - 3 scrolls of enchant weapon
Potions
 a - 3 potions of magic
 g - 2 potions of lignification
 h - a potion of flight
 m - 3 potions of berserk rage
 o - 2 potions of resistance
 r - a potion of haste
 t - a potion of might
 u - 3 potions of curing
 v - a potion of agility
 H - a potion of beneficial mutation
 K - a potion of invisibility
 R - a potion of brilliance
 S - a potion of heal wounds
 V - 2 potions of cure mutation
Miscellaneous
 I - a lamp of fire
 J - a fan of gales
 Q - a phial of floods
Comestibles
 b - 11 bread rations
 f - 9 meat rations
 p - 5 beef jerkies
 s - 19 fruits
 w - 2 royal jellies
 x - 5 chunks of flesh
 B - 5 slices of pizza


   Skills:
 - Level 8.2 Fighting
 - Level 8.1 Dodging
 - Level 1.1 Stealth
 - Level 9.5 Shields
 - Level 9.8 Unarmed Combat
 + Level 7.5 Spellcasting
 + Level 10.1 Transmutations
 + Level 11.7 Earth Magic


You had 17 spell levels left.
You knew the following spells:

 Your Spells              Type           Power        Failure   Level  Hunger
a - Statue Form           Tmut/Erth      ####.....    94%         6    #######
b - Beastly Appendage     Tmut           ####..       1%          1    None
c - Blade Hands           Tmut           ####......   34%         5    ######.


Dungeon Overview and Level Annotations

Branches:
Dungeon (15/15)            Temple (1/1) D:5            Lair (6/6) D:8
 Shoals (0/4) Lair:4        Snake (1/4) Lair:2        Slime (0/5) Lair:6
    Orc (2/2) D:12            Elf (0/3) Orc:2        Vaults (0/5) D:14
 Depths (1/5) D:15

Altars:
Ashenzari
Cheibriados
Dithmenos
Elyvilon
Fedhas
Gozag
Hepliaklqana
Kikubaaqudgha
Makhleb
Nemelex Xobeh
Okawaru
Pakellas
Qazlal
Ru
Sif Muna
Trog
Uskayaw
Vehumet
Xom
Yredelemnul
Zin
The Shining One

Shops:
D:5 (   D:7 !   D:9 (   D:11 *   Orc:2 [%*(

Portals:
Hell: Lair:6
Trove: D:10 (give 7 potions of haste)


Innate Abilities, Weirdness & Mutations

You are too large for most types of armour.
You have claws for hands.
Your metabolism is lightning-fast.
You like to eat raw meat.
You heal very quickly.
You are covered in fur. (AC +1)
You have very tough skin. (AC +2)
You have a pair of horns on your head.
You have sharp toenails.
You are partially covered in icy blue scales. (AC +2)
You are agile. (Dex +2)
You can translocate small distances at will.
You possess an exceptional clarity of mind.
Your body sometimes deteriorates upon taking damage.
You are very frail. (-20% HP)


Message History

Your body deteriorates!
You feel weakened. The spark wasp shocks you!
* * * LOW HITPOINT WARNING * * *
You take 28 damage, and have 24/114 hp.
MASSIVE DAMAGE!!
You are confused.
You feel invigorated. The spark wasp misses you. The spark wasp stings you!
* * * LOW HITPOINT WARNING * * *
The spark wasp shocks you!
* * * LOW HITPOINT WARNING * * *
You take 18 damage, and have 6/114 hp.
Unknown command.
The spark wasp closely misses you.
You regained 7 hp, and now have 13/114 hp.
Unknown command.
The spark wasp stings you.
* * * LOW HITPOINT WARNING * * *
The spark wasp shocks you!
* * * LOW HITPOINT WARNING * * *
The spark wasp stings you!
You die...

#.........#......#.....#...##...
#......###.####..#.....#...##...
#.........#..⌠#..#.....#....#...
#...#####.....#.########....#...
#####...#.#...#.....#.##....#...
#...#..#.#[#.#(.#.##...##...
#...#.....#...#.#.#######...
#...#####.#)y...#...........
#.........#@..#.[...........
#.........####.###..........
#####.............#..[##........
#...###'#########.....##........
#.............'...#...#.........
#.............#.......##...##...
#.........[...#.......##...#####
#.)..##.......#.................
#'#####.......#.................


You could see a spark wasp.

Vanquished Creatures
  A stone giant (Orc:1)
  An ettin (Orc:2)
  A fire dragon (D:12)
  6 hydras
  5 vault guards
  2 naga warriors (Snake:1)
  An anaconda (Snake:1)
  A hell beast (Lair:6)
  2 catoblepae
  2 centaur warriors
  4 ogre magi
  The ghost of Situis the Blocker, a novice MiFi of Okawaru (D:8)
  4 death yaks
  3 tengu warriors (D:15)
  A queen ant (Lair:3)
  3 orc high priests (Orc:2)
  A shock serpent (Snake:1)
  A deep elf knight (D:15)
  6 skeletal warriors
  2 sea snakes (Snake:1)
  2 unseen horrors (D:15)
  2 wizards
  8 orc knights
  3 hill giants
  2 ugly things
  A cyclops (D:12)
  6 orc sorcerers
  A griffon (D:15)
  A mana viper (Snake:1)
  A manticore (D:14)
  2 salamanders (Snake:1)
  A guardian serpent (Snake:1)
  10 black mambas
  6 elephants
  4 orange demons (Lair:6)
  2 naga magi (Snake:1)
  The ghost of 4thArraOfDagon the Destroyer, a novice DgWn (D:6)
  9 spiny frogs
  7 komodo dragons
  3 rime drakes (Lair:6)
  A kobold demonologist (D:14)
  An efreet (D:13)
  A hellwing (Lair:6)
  7 trolls
  4 ice devils (Lair:6)
  A polar bear (Lair:3)
  A wolf spider simulacrum (D:15)
  Prince Ribbit (Lair:2)
  11 blink frogs
  2 two-headed ogres
  11 slime creatures
  A spriggan (shapeshifter) (D:15)
  3 wraiths
  3 wyverns
  33 yaks
  4 fire bats (Lair:5)
  Grum (D:8)
  8 hippogriffs
  A basilisk (Lair:1)
  4 vampire mosquitoes (D:15)
  2 mottled dragons
  A human (D:14)
  6 hungry ghosts
  3 wargs
  9 nagas
  7 soldier ants (Lair:3)
  A hell hound (Lair:6)
  19 water moccasins
  7 porcupines
  4 ice beasts
  25 orc warriors
  25 ogres
  3 sky beasts
  2 wasps
  2 eyes of draining
  2 phantoms
  6 necrophages
  8 wolves
  3 centaurs
  4 big kobolds
  11 crocodiles
  20 giant frogs
  4 gnoll sergeants (D:12)
  A wyvern skeleton (D:7)
  5 scorpions
  17 killer bees
  5 wights
  7 howler monkeys
  A vampire bat (Lair:5)
  5 electric eels
  5 crimson imps
  3 quasits
  2 giant frog zombies
  5 centaur zombies
  2 jellies
  14 orc priests
  3 giant frog skeletons
  7 hounds
  17 orc wizards
  5 centaur skeletons
  8 iguanas
  46 worker ants
  A killer bee zombie (D:7)
  A hound skeleton (D:8)
  A mummy (D:7)
  54 river rats
  18 adders
  7 gnolls
  2 oozes
  An adder zombie (D:10)
  An adder skeleton (D:7)
  2 worms
  3 dart slugs (D:1)
  15 giant geckos
  59 orcs
  5 ball pythons
  16 giant cockroaches
  6 goblins
  8 hobgoblins
  21 jackals
  8 quokkas
  20 bats
  7 giant newts
  5 kobolds
  16 rats
  3 plants
831 creatures vanquished.

Vanquished Creatures (others)
  A stone giant (Depths:1)
  A human (D:14)
  An orc warrior (D:14)
  4 centaurs
  A fire vortex (Lair:5)
  8 fungi
  8 plants
24 creatures vanquished.

Grand Total: 855 creatures vanquished

Notes
Turn   | Place    | Note
-------+----------+-------------------------------------------
     0 | D:1      | mistymad the Troll Monk began the quest for the Orb.
     0 | D:1      | Reached XP level 1. HP: 22/22 MP: 0/0
    66 | D:1      | Reached XP level 2. HP: 27/29 MP: 1/1
   498 | D:1      | Reached XP level 3. HP: 35/36 MP: 2/2
  1091 | D:2      | Reached skill level 1 in Shields
  1144 | D:2      | Reached XP level 4. HP: 44/44 MP: 3/3
  1419 | D:3      | Found a glowing golden altar of the Shining One.
  1475 | D:3      | Reached XP level 5. HP: 49/53 MP: 4/4
  1525 | D:3      | Noticed an ogre
  1535 | D:3      | Killed an ogre
  1592 | D:3      | Found a blossoming altar of Fedhas.
  1592 | D:3      | Found a hazy altar of Hepliaklqana.
  1592 | D:3      | Found a shattered altar of Ashenzari.
  1781 | D:4      | Found an iron altar of Okawaru.
  1793 | D:4      | Reached XP level 6. HP: 46/61 MP: 5/5
  1983 | D:4      | Found a glowing drain.
  2002 | Sewer    | Entered a sewer
  2578 | D:4      | Reached XP level 7. HP: 20/68 MP: 6/6
  2829 | D:4      | Reached skill level 5 in Unarmed Combat
  3114 | D:5      | Entered Level 5 of the Dungeon
  3178 | D:5      | Found a staircase to the Ecumenical Temple.
  3198 | Temple   | Entered the Ecumenical Temple
  3317 | D:5      | Found a white marble altar of Elyvilon.
  3558 | D:5      | Found an oddly glowing altar of Pakellas.
  3634 | D:5      | Found Odghut's Weapon Shoppe.
  3879 | D:6      | Reached XP level 8. HP: 79/79 MP: 7/7
  3880 | D:6      | Found an ancient bone altar of Kikubaaqudgha.
  4136 | D:6      | Noticed 4thArraOfDagon's ghost (novice DgWn)
  4152 | D:6      | Killed 4thArraOfDagon's ghost
  4152 | D:6      | Reached skill level 5 in Fighting
  4152 | D:6      | Reached skill level 5 in Dodging
  5014 | D:7      | Found a runed door.
  5271 | D:7      | Reached XP level 9. HP: 88/88 MP: 8/8
  5417 | D:7      | Found a white marble altar of Elyvilon.
  5473 | D:7      | Found Utotzuz's Distillery.
  5488 | D:7      | Bought a potion of lignification for 42 gold pieces
  5488 | D:7      | Bought a potion of lignification for 42 gold pieces
  5521 | D:7      | Reached skill level 5 in Shields
  5543 | D:7      | Found a bloodstained altar of Trog.
  6074 | D:7      | Found a runed door.
  6327 | D:7      | Found a shimmering altar of Xom.
  6330 | D:7      | Found a deep blue altar of Sif Muna.
  6572 | D:8      | Noticed Situis's ghost (novice MiFi)
  6832 | D:8      | Killed Situis's ghost
  6832 | D:8      | Reached XP level 10. HP: 67/100 MP: 9/9
  6977 | D:8      | Gained mutation: You are frail. (-10% HP) [mutagenic meat]
  6980 | D:8      | Gained mutation: Your magical capacity is low. (-10% MP) [mutagenic meat]
  6983 | D:8      | Gained mutation: You have sharp toenails. [mutagenic meat]
  6986 | D:8      | Gained mutation: You possess an exceptional clarity of mind. [mutagenic meat]
  6992 | D:8      | Gained mutation: You are dopey. (Int -2) [mutagenic meat]
  7050 | D:8      | Found a staircase to the Lair.
  7270 | D:8      | Found a sparkling altar of Nemelex Xobeh.
  7314 | D:8      | Noticed Grum
  7578 | D:8      | Killed Grum
  7600 | D:8      | Found a burning altar of Makhleb.
  8448 | D:9      | Found Xess's Antique Weapon Emporium.
  8534 | D:10     | Entered Level 10 of the Dungeon
  9565 | D:10     | Reached XP level 11. HP: 97/98 MP: 8/8
  9815 | D:10     | Noticed a vault guard
  9824 | D:10     | Killed a vault guard
  9849 | D:10     | Found a portal to a secret trove of treasure.
 10325 | D:11     | Noticed a skeletal warrior
 10325 | D:11     | Noticed a skeletal warrior
 10326 | D:11     | Found Otweuk's General Store.
 10532 | D:10     | Killed a skeletal warrior
 10691 | D:11     | Noticed a skeletal warrior
 10723 | D:10     | Killed a skeletal warrior
 10958 | D:11     | Noticed a seven-headed hydra
 11096 | Lair:1   | Entered Level 1 of the Lair of Beasts
 11258 | Lair:1   | Reached skill level 1 in Spellcasting
 11445 | Lair:1   | Noticed a seven-headed hydra
 11481 | Lair:1   | Killed a seven-headed hydra
 11993 | Lair:1   | Reached XP level 12. HP: 107/108 MP: 15/15
 12938 | D:11     | Bought a book of Transfigurations for 605 gold pieces
 12938 | D:11     | Bought a scroll of identify for 22 gold pieces
 12950 | D:10     | Learned a level 6 spell: Statue Form
 13175 | Lair:2   | Noticed a death yak
 13207 | Lair:2   | Noticed a death yak
 13208 | Lair:2   | Noticed a death yak
 13208 | Lair:2   | Noticed a death yak
 13254 | Lair:2   | Killed a death yak
 13254 | Lair:2   | Reached skill level 1 in Earth Magic
 13274 | Lair:2   | Killed a death yak
 13274 | Lair:2   | Reached skill level 1 in Transmutations
 13349 | Lair:1   | Killed a death yak
 13349 | Lair:1   | Reached skill level 2 in Earth Magic
 13356 | Lair:1   | Killed a death yak
 13407 | Lair:2   | Reached skill level 5 in Spellcasting
 13447 | Lair:2   | Noticed a catoblepas
 13478 | Lair:2   | Killed a catoblepas
 13591 | Lair:2   | Reached skill level 3 in Earth Magic
 13777 | Lair:2   | Learned a level 1 spell: Beastly Appendage
 13797 | Lair:2   | Learned a level 5 spell: Blade Hands
 13815 | Lair:2   | Noticed Prince Ribbit
 13828 | Lair:2   | Killed Prince Ribbit
 13998 | Lair:2   | Found a staircase to the Snake Pit.
 14237 | Lair:3   | Reached skill level 4 in Earth Magic
 14531 | Lair:3   | Noticed a queen ant
 14567 | Lair:3   | Killed a queen ant
 14929 | Lair:3   | Gained mutation: You have a pair of small horns on your head. [potion of mutation]
 14929 | Lair:3   | Gained mutation: You are agile. (Dex +2) [potion of mutation]
 14929 | Lair:3   | Gained mutation: You evolve. [potion of mutation]
 14930 | Lair:3   | Gained mutation: You can translocate small distances at will. [potion of mutation]
 14950 | Lair:3   | Reached skill level 5 in Earth Magic
 15038 | Lair:3   | Reached XP level 13. HP: 111/114 MP: 18/18
 15445 | Lair:4   | Found a staircase to the Shoals.
 15581 | Lair:4   | Identified a scroll of acquirement
 15584 | Lair:4   | Got a shimmering large shield
 15595 | Lair:4   | Identified the +7 large shield of Limited Liability {Regen+ Str+4} (You acquired it on level 4 of the Lair of Beasts)
 15866 | Lair:4   | Reached skill level 5 in Transmutations
 15866 | Lair:4   | Reached skill level 6 in Earth Magic
 16630 | Lair:5   | Reached skill level 7 in Earth Magic
 16907 | Lair:6   | Entered Level 6 of the Lair of Beasts
 17203 | Lair:6   | Got a translucent cloak
 17209 | Lair:6   | Identified the +0 cloak "Omnacezu" {rElec MR- MP+9 SInv} (You acquired it on level 6 of the Lair of Beasts)
 17572 | Lair:6   | Reached skill level 8 in Earth Magic
 17832 | Lair:6   | Found a burning altar of Makhleb.
 17847 | Lair:6   | Gained mutation: You are partially covered in icy blue scales. (AC +2) [evolution]
 17984 | Lair:6   | Found a gateway to Hell.
 18102 | Lair:6   | Reached skill level 9 in Earth Magic
 18293 | Lair:6   | Reached XP level 14. HP: 97/122 MP: 19/19
 18348 | Lair:6   | Found a staircase to the Slime Pits.
 19498 | D:12     | Found a staircase to the Orcish Mines.
 20414 | D:13     | Reached skill level 10 in Earth Magic
 20947 | D:14     | Gained mutation: You have a pair of horns on your head. [evolution]
 21402 | D:14     | Found a gate to the Vaults.
 22149 | D:15     | Entered Level 15 of the Dungeon
 22720 | D:15     | Lost mutation: Your magical capacity is low. (-10% MP) [mutagenic meat]
 22723 | D:15     | Lost mutation: You are dopey. (Int -2) [mutagenic meat]
 22895 | D:13     | You fall through a shaft for 2 floors!
 23037 | Orc:1    | Entered Level 1 of the Orcish Mines
 23052 | D:12     | Reached XP level 15. HP: 128/128 MP: 23/23
 23469 | Orc:2    | Entered Level 2 of the Orcish Mines
 23476 | Orc:1    | Paralysed by an orc sorcerer for 2 turns
 23984 | Orc:2    | Found a staircase to the Elven Halls.
 24088 | Orc:2    | Reached skill level 11 in Earth Magic
 25105 | Orc:2    | Paralysed by an orc sorcerer for 3 turns
 25110 | Orc:2    | Paralysed by an orc sorcerer for 6 turns
 25186 | Orc:2    | Found Acoqippa's Armour Boutique.
 25186 | Orc:2    | Found Nidaqusa's Weapon Emporium.
 25188 | Orc:2    | Found Xakkinla's Food Boutique.
 25188 | Orc:2    | Found Kugewki's Assorted Antiques.
 25376 | Lair:1   | Lost mutation: You evolve. [end of evolution]
 25453 | Snake:1  | Entered Level 1 of the Snake Pit
 25999 | Snake:1  | Gained mutation: Your body sometimes deteriorates upon taking damage. [mutagenic meat]
 26002 | Snake:1  | Gained mutation: You are very frail. (-20% HP) [mutagenic meat]
 26676 | D:15     | Found a staircase to the Depths.
 26868 | D:15     | Reached skill level 10 in Transmutations
 26959 | Depths:1 | Entered Level 1 of the Depths
 27167 | Depths:1 | Paralysed by an ogre mage for 2 turns
 27281 | D:15     | HP: 3/114 [spark wasp (13)]
 27281 | D:15     | Mangled by a spark wasp

Vault maps used:
D:1:      lightli_arrival_farm, interstate_on_off, nrook_uturn
D:3:      gammafunk_temple_overflow_forgotten, tso_oasis_becter
D:4:      okawaru_trees_1, gup_sewer_entry_pipe, serial_curves, eino_curves_01,
          eino_curves_02
D:5:      nicolae_overflow_crystal_walls, johnstein_pakellas_death_squad,
          first_bread, serial_shops, kennysheep_mini
D:6:      marbit_many_paths, kennysheep_cluttered_room
D:7:      lemuel_insect_pit, minitemple, serial_shops, nicolae_shop_stone,
          serial_undead, serial_undead_e, serial_undead_b, serial_undead_e,
          serial_undead_c, basic_altar
D:8:      makhleb_blood_cavern_becter, nemelex_xobeh_ov_fountains_minmay,
          grunt_lair_entry_orc_guard_hut, uniq_grum
D:9:      serial_shops, nicolae_shop_behind_doors
D:10:     enter_trove_5, kennysheep_generic_room_9
D:11:     serial_shops, shop
D:12:     kennysheep_orc_monster_closet_entryway
D:14:     grunt_vaults_entry_fortified, grunt_decor_mini_mirrors
D:15:     hangedman_depths_entry_civil_slaughter, dk_noncrumbling_3
Temple:   jpeg_temple_island
Lair:1:   infiniplex_staircase_pool_2, serial_bayou_shore_b,
          serial_bayou_shore_a, lemuel_fruit_tree
Lair:2:   minmay_snake_entry_guardpost_medium, uniq_prince_ribbit2
Lair:3:   st_stairs_12, minmay_another_anthill
Lair:4:   minmay_shoals_entry_centaurs, grunt_megastairs_3
Lair:5:   roderic_batcave
Lair:6:   evil_forest, slime_dummy
Snake:1:  serial_bayou_ford_a, grunt_megastairs_1
Orc:2:    grunt_orc_tribal_feast
Depths:1: enter_ziggurat_c, nicolae_two_hexagons, hell_entry,
          nemelex_diamond_rough_becter, firewood_loft,
          infiniplex_staircase_pool_lava, serial_bayou_shore_b, uniq_sojobo,
          uniq_asterion
Sewer:    sewer_frog_island_01

Skill      XL: |  1  2  3  4  5  6  7  8  9 10 11 12 13 14 15 |
---------------+----------------------------------------------+-----
Dodging        | 3 4 5 6 7 8 |  8.1
Shields        | 1 2 3 4 6 7 8 9 |  9.5
Fighting       | 3 4 5 6 7 8 |  8.2
Unarmed Combat | 4 5 6 7 9 |  9.8
Spellcasting   | 4 6 7 |  7.5
Earth Magic    | 5 9 10 11 | 11.7
Transmutations | 4 7 9 10 | 10.1
Stealth        | |  1.1

Action                   |  1- 3 |  4- 6 |  7- 9 | 10-12 | 13-15 || total
-------------------------+-------+-------+-------+-------+-------++-------
Melee: Unarmed           |   100 |   199 |   412 |  1080 |  1768 ||  3559
       Punch             |     1 |     4 |     6 |       |       ||    11
       Kick              |       |       |       |   324 |   702 ||  1026
       Headbutt          |       |       |       |    11 |   457 ||   468
 Cast: Statue Form       |       |       |       |       |     3 ||     3
Evoke: Wand              |       |       |       |     5 |     5 ||    10
  Use: Scroll            |       |     8 |     6 |    10 |    16 ||    40
       Potion            |       |     7 |       |     6 |     7 ||    20
 Stab: Sleeping          |     2 |       |     3 |     3 |     2 ||    10
       Petrifying        |       |       |       |     1 |       ||     1
  Eat: Chunk             |    16 |    14 |    44 |    81 |   136 ||   291
       Pizza             |       |       |       |     1 |       ||     1
Armor: Robe              |    32 |    60 |    50 |    38 |       ||   180
       Skin              |       |    21 |       |    42 |   131 ||   194
       Troll leather arm |       |       |       |    59 |   132 ||   191
Dodge: Dodged            |    58 |   142 |   112 |   176 |   316 ||   804
Block: Large shield      |     1 |       |   153 |   918 |  1986 ||  3058
       Reflection        |       |       |       |     2 |    69 ||    71
       Other             |       |       |       |       |     4 ||     4
